 Dungeon Crawl Stone Soup version 0.28-a0-643-g84cb2ea78e (webtiles) character file.

Game seed: 7419213832028704775

65 Heedrag the Firebug (level 3, -3/20 HPs)
             Began as a Deep Elf Fire Elementalist on Oct 10, 2021.
             Slain by an orc (19 damage)
             ... on level 3 of the Dungeon.
             The game lasted 00:02:59 (2719 turns).

Heedrag the Firebug (Deep Elf Fire Elementalist)    Turns: 2719, Time: 00:03:00

Health: -3/20      AC:  2    Str:  5    XL:     3   Next: 94%
Magic:  1/9        EV: 13    Int: 20    God:
Gold:   95         SH:  0    Dex: 15    Spells: 5/8 levels left

rFire   . . .      SeeInvis .   (no weapon)
rCold   . . .      Faith    .   (no shield)
rNeg    . . .      Spirit   .   a - +0 robe
rPois   .          Reflect  .   (no helmet)
rElec   .          Harm     .   (no cloak)
rCorr   .          Rampage  .   (no gloves)
Will    .....                   (no boots)
Stlth   ++........              (no amulet)
HPRegen 0.06/turn               (no ring)
MPRegen 0.11/turn               (no ring)

@: no status effects
A: no striking features
a: no special abilities


You were on level 3 of the Dungeon.
You visited 1 branch of the dungeon, and saw 3 of its levels.

You collected 95 gold pieces.

Inventory:

Armour
 a - a +0 robe (worn)
Jewellery
 i - a ring of fire
   (You found it on level 2 of the Dungeon)
Wands
 u - a wand of paralysis (7)
   (You found it on level 3 of the Dungeon)
Scrolls
 b - a scroll of enchant weapon {unknown}
 c - a scroll of enchant armour {unknown}
 d - 2 scrolls of noise {unknown}
 f - 2 scrolls of identify {unknown}
 g - a scroll of magic mapping {unknown}
 h - a scroll of brand weapon {unknown}
 j - a scroll of torment {unknown}
Potions
 e - 2 potions of curing {unknown}


   Skills:
 + Level 0.7 Fighting
 + Level 3.2 Dodging
 + Level 3.1 Stealth
 + Level 3.4 Spellcasting
 * Level 2.3 Conjurations
 + Level 3.5 Fire Magic


You had 5 spell levels left.
You knew the following spells:

 Your Spells              Type           Power      Damage    Failure   Level
a - Foxfire               Conj/Fire      60%        2x1d7     4%          1
b - Scorch                Fire           34%        2d6       4%          2

Your spell library contained the following spells:

 Spells                   Type           Power      Damage    Failure   Level
 Conjure Flame            Conj/Fire      15%        6-21      12%         3
 Inner Flame              Hex/Fire       10%        N/A       21%         3
 Flame Wave               Conj/Fire      15%        3d5       38%         4


Dungeon Overview and Level Annotations

Branches:
Dungeon (3/15)

Altars:


Message History

You climb downwards.
Found an encrusted silver wand.
Found a stone staircase leading down.
There is a stone staircase leading up here.
A kobold is nearby!
A kobold is nearby!
You conjure some foxfire!
You conjure some foxfire!
You conjure some foxfire!
The foxfire hits the kobold.
The kobold shouts!
The foxfire hits the kobold.
You kill the kobold!
u - a wand of paralysis (7)
Found a thick smoking staff.
Things that are here:
a +0 dagger; a stone
Found a stone staircase leading up.
Found a stone staircase leading up.
An orc comes into view. It is wielding a +0 club.
The orc shouts!
An orc is nearby!
An orc is nearby!
You conjure some foxfire!
An orc comes into view. It is wielding a +0 dagger.
You conjure some foxfire!
The foxfire hits the orc.
The foxfire hits the orc!
You kill the orc!
The foxfire hits the orc.
An orc comes into view. It is wielding a +0 club.
The orc shouts!
You conjure some foxfire!
An orc comes into view.
It is wielding a +2 dagger of electrocution.
The foxfire hits the orc.
You kill the orc!
A kobold comes into view. It is wielding a +0 dagger.
You conjure some foxfire!
The foxfire hits the orc.
The foxfire hits the orc. x2
You conjure some foxfire!
An orc comes into view. It is wielding a +0 mace.
The foxfire hits the orc but does no damage.
The foxfire hits the orc!
You kill the orc!
Flames lash the orc.
The orc's fire resistance burns away.
The orc hits you with a +0 mace.
Flames lash the orc.
The orc is burned terribly!
You kill the orc!
You don't have enough magic to cast this spell.
The orc hits you but does no damage.
You are electrocuted!!
Ouch! That really hurt!
You die...

### ..# ..######## #.#
...))K.o.####.#
..######@##.#.# ..#
........#....# #..#
.............###..#
..............##..#..
.#####.........#..#.####
...............#.#...
<...............#.#...
#...........)...#.#.#.
#......................


You could see an orc and a kobold.

Vanquished Creatures
  A gnoll (D:1)
  4 orcs (D:3)
  4 ball pythons
  5 endoplasms
  3 giant cockroaches
  A goblin (D:2)
  11 hobgoblins
  3 quokkas (D:1)
  3 bats
  3 frilled lizards
  3 kobolds
  4 rats
45 creatures vanquished.

Vanquished Creatures (collateral kills)
  10 foxfires (D:2)
10 creatures vanquished.

Vanquished Creatures (others)
  148 foxfires
148 creatures vanquished.

Grand Total: 203 creatures vanquished

Notes
Turn   | Place    | Note
-------+----------+-------------------------------------------
     0 | D:1      | Heedrag the Deep Elf Fire Elementalist began the quest for
                  | the Orb.
     0 | D:1      | Reached XP level 1. HP: 10/10 MP: 6/6
   204 | D:1      | Reached XP level 2. HP: 15/15 MP: 1/8
   207 | D:1      | Learned a level 2 spell: Scorch
   833 | D:1      | Reached XP level 3. HP: 20/20 MP: 6/9
  1049 | D:1      | Found a faded altar of an unknown god.
  2719 | D:3      | Slain by an orc

Illustrated notes

Levels and vault maps discovered:
D:1:      scummos_arrival_forest, layout_basic,
          shapermc_ecumenical_altar_ellora, kennysheep_pointless_box,
          hangedman_decor_growths
D:2:      layout_loops_ring, serial_forest, infiniplex_forest_clump_medium,
          infiniplex_forest_corner_1, infiniplex_forest_lined_room_2,
          infiniplex_forest_clump_long, infiniplex_forest_clump_diagonal,
          infiniplex_forest_lined_ring, infiniplex_forest_clump_long,
          serial_park_tiny_pond, minmay_crystal_water
D:3:      layout_basic

Skill      XL: |  1  2  3 |
---------------+----------+-----
Conjurations   | 2 |  2.3
Stealth        | 3 |  3.1
Dodging        | 3 |  3.2
Fighting       | |  0.7
Spellcasting   | |  3.4
Fire Magic     | |  3.5

Action                   || total
-------------------------++-------
Melee: Unarmed           ||     2
 Cast: Foxfire           ||    90
       Scorch            ||    16
Armor: Robe              ||     1
Dodge: Dodged            ||     3

Table legend: (Time is in decaauts)
 A = Elapsed time spent in this place.
 B = Non-inter-level travel time spent in this place.
 C = Inter-level travel time spent in this place.
 D = Time resting spent in this place.
 E = Time spent auto-exploring this place.
 F = Levels seen in this place.
 G = Mean time per level.
                   A        B        C        D        E       F      G
               +--------+--------+--------+--------+--------+-----+--------+
         Total |   2719 |   2695 |     24 |      0 |   2382 |   3 |  906.3 |
       Dungeon |   2719 |   2695 |     24 |      0 |   2382 |   3 |  906.3 |
               +--------+--------+--------+--------+--------+-----+--------+

Top non-repeatable levels by time:
     D:1: 1529 daAuts
     D:2: 1130 daAuts
     D:3: 60 daAuts
